 Dungeon Crawl Stone Soup version 0.27-a0-445-gbe96e517c0 (webtiles) character file.

Game seed: 15949009346435659530

2 Chiseanne the Skirmisher (level 1, -2/18 HPs)
             Began as a Demonspawn Wanderer on Feb 27, 2021.
             Succumbed to a kobold's poison
             ... on level 1 of the Dungeon.
             The game lasted 00:00:18 (238 turns).

Chiseanne the Skirmisher (Demonspawn Wanderer)       Turns: 238, Time: 00:00:19

Health: -2/18      AC:  5    Str:  9    XL:     1   Next: 33%
Magic:  4/4        EV:  9    Int: 14    God:
Gold:   32         SH:  0    Dex: 14    Spells: 5/6 levels left

rFire    . . .     SeeInvis .   a - +0 dagger
rCold    . . .     Faith    .   (no shield)
rNeg     . . .     Spirit   .   b - +0 ring mail
rPois    .         Reflect  .   (no helmet)
rElec    .         Harm     .   (no cloak)
rCorr    .         Rampage  .   (no gloves)
Will     .....                  (no boots)
Stlth    +.........             (no amulet)
HPRegen  0.06/turn              (no ring)
MPRegen  0.09/turn              (no ring)

@: lethally poisoned (-2 -> -45)
A: no striking features
a: no special abilities


You were on level 1 of the Dungeon.
You visited 1 branch of the dungeon, and saw 1 of its levels.

You collected 32 gold pieces.

Inventory:

Hand Weapons
 a - a +0 dagger (weapon)
Missiles
 d - 30 stones
Armour
 b - a +0 ring mail (worn)
Scrolls
 c - a scroll of magic mapping {unknown}
 e - a scroll of fear {unknown}
 f - a scroll of identify {unknown}


   Skills:
 * Level 3.0 Fighting
 * Level 0.2 Armour
 * Level 0.2 Dodging
 - Level 3.0 Spellcasting
 - Level 1.7 Transmutations
 - Level 2.0 Evocations


You had 5 spell levels left.
You knew the following spells:

 Your Spells              Type           Power        Failure   Level
a - Magic Dart            Conj           8%           52%         1

Your spell library contained the following spells:

 Spells                   Type           Power        Failure   Level
 Wereblood                Tmut           7%           41%         2
 Passwall                 Tmut/Erth      3%           54%         2
 Blink                    Tloc           N/A          65%         2
 Call Imp                 Summ           2%           65%         2
 Slow                     Hex            2%           65%         2
 Conjure Flame            Conj/Fire      2%           87%         3
 Mephitic Cloud           Conj/Pois/Air  2%           87%         3


Dungeon Overview and Level Annotations

Branches:
Dungeon (1/15)

Altars:


Message History

You feel sick. The kobold closely misses you.
You hit the kobold but do no damage.
You feel sick.
The kobold hits you with a +0 dagger of venom.
You are more poisoned.
You are too injured to fight recklessly!
You are too injured to fight recklessly!
You are too injured to fight recklessly!
You are too injured to fight recklessly!
You are too injured to fight recklessly!
You are too injured to fight recklessly!
You are too injured to fight recklessly!
You are too injured to fight recklessly!
You are too injured to fight recklessly!
You are too injured to fight recklessly!
You are too injured to fight recklessly!
You are too injured to fight recklessly!
You are too injured to fight recklessly!
You are too injured to fight recklessly!
You are too injured to fight recklessly!
You are too injured to fight recklessly!
You are too injured to fight recklessly!
You are too injured to fight recklessly!
You are too injured to fight recklessly!
You are too injured to fight recklessly!
You closely miss the kobold.
You feel sick.
The kobold hits you with a +0 dagger of venom.
* * * LOW HITPOINT WARNING * * *
You are more poisoned.
You hit the kobold but do no damage.
* * * LOW HITPOINT WARNING * * *
You feel sick. The kobold hits you but does no damage.
You are more poisoned.
You hit the kobold but do no damage.
* * * LOW HITPOINT WARNING * * *
You feel sick. The kobold hits you but does no damage.
You are more poisoned.
You aren't carrying any potions.
You hit the kobold.
The kobold is moderately wounded.
You die...

#. .## #( ..# #.# #.#
#.# #.# #.# #.# #.#
#.# ##.
##.####.##..... #.
#......@K..#
#...#...#####....#
#.....## ##...
#####..# #
##.#########
#.........###.#
#####.............
..............#
###############...###


You could see a kobold.

Vanquished Creatures
  A hobgoblin (D:1)
  A frilled lizard (D:1)
  A rat (D:1)
3 creatures vanquished.

Notes
Turn   | Place    | Note
-------+----------+-------------------------------------------
     0 | D:1      | Chiseanne the Demonspawn Wanderer began the quest for the
                  | Orb.
     0 | D:1      | Chiseanne set off with the following items: a +0 dagger, a
                  | +0 ring mail; and the following spell memorised: Magic
                  | Dart; and the following spells available to memorise:
                  | Wereblood, Passwall, Blink, Call Imp, Slow, Conjure Flame,
                  | Mephitic Cloud
     0 | D:1      | Reached XP level 1. HP: 18/18 MP: 4/4
   238 | D:1      | Succumbed to a kobold's poison

Illustrated notes

Levels and vault maps discovered:
D:1:      amcnicky_arrival_blooded_trapdoor, layout_rooms

Action                   || total
-------------------------++-------
Melee: Dagger            ||    30
Armor: Ring mail         ||     7
Dodge: Dodged            ||    11

Table legend: (Time is in decaauts)
 A = Elapsed time spent in this place.
 B = Non-inter-level travel time spent in this place.
 C = Inter-level travel time spent in this place.
 D = Time resting spent in this place.
 E = Time spent auto-exploring this place.
 F = Levels seen in this place.
 G = Mean time per level.
                   A        B        C        D        E       F      G
               +--------+--------+--------+--------+--------+-----+--------+
         Total |    238 |    238 |      0 |      0 |    199 |   1 |  238.0 |
       Dungeon |    238 |    238 |      0 |      0 |    199 |   1 |  238.0 |
               +--------+--------+--------+--------+--------+-----+--------+

Top non-repeatable levels by time:
     D:1: 238 daAuts
